 Dungeon Crawl Stone Soup version 0.25-a0-265-g7af84ae0ac (webtiles) character file.

Game seed: 14274179012158805434, levelgen mode: deterministic

16 night the Firebug (level 2, 0/19 HPs)
             Began as a Demonspawn Fire Elementalist on Dec 8, 2019.
             Hit by a stone thrown by a hobgoblin (1 damage)
             ... on level 1 of the Dungeon.
             The game lasted 00:02:01 (742 turns).

night the Firebug (Demonspawn Fire Elementalist)     Turns: 742, Time: 00:02:02

Health: 0/19       AC:  2    Str:  8    XL:     2   Next: 41%
Magic:  2/5        EV: 12    Int: 16    God:
Gold:   56         SH:  0    Dex: 13    Spells: 4/5 levels left

rFire    . . .     SeeInvis .   d - +0 mace
rCold    . . .     Gourm    .   (no shield)
rNeg     . . .     Faith    .   a - +0 robe
rPois    .         Spirit   .   (no helmet)
rElec    .         Reflect  .   (no cloak)
rCorr    .         Harm     .   (no gloves)
MR       .....                  (no boots)
Stlth    ++........             (no amulet)
HPRegen  0.06/turn              (no ring)
MPRegen  0.09/turn              (no ring)

@: no status effects
A: rot immunity
a: no special abilities


You were on level 1 of the Dungeon.
You were not hungry.

You visited 1 branch of the dungeon, and saw 1 of its levels.

You collected 56 gold pieces.

Inventory:

Hand Weapons
 d - a +0 mace (weapon)
Missiles
 b - 9 stones (quivered)
Armour
 a - a +0 robe (worn)
Potions
 e - a potion of flight {unknown}
Comestibles
 c - 2 rations


   Skills:
 - Level 1.7 Dodging
 - Level 1.7 Stealth
 + Level 2.3 Spellcasting
 + Level 1.5 Conjurations
 + Level 3.0 Fire Magic


You had 4 spell levels left.
You knew the following spells:

 Your Spells              Type           Power        Failure   Level  Hunger
a - Foxfire               Conj/Fire      #...         8%          1    #......

Your spell library contained the following spells:

 Spells                   Type           Power        Failure   Level  Hunger
 Conjure Flame            Conj/Fire      #.......     24%         3    ###....
 Inner Flame              Hex/Fire       #.......     32%         3    ###....
 Sticky Flame             Conj/Fire      #.......     61%         4    #####..
 Fireball                 Conj/Fire      #.........   91%         5    ######.


Dungeon Overview and Level Annotations

Branches:
Dungeon (1/15)

Altars:


Innate Abilities, Weirdness & Mutations

You are immune to rotting.


Message History

The kobold is severely wounded.
The foxfire hits the kobold but does no damage.
The kobold is severely wounded.
You hit the kobold but do no damage.
The kobold is severely wounded.
The kobold barely misses you. The kobold hits you but does no damage.
You hit the kobold.
You kill the kobold!
The rat closely misses you.
You hit the rat.
You kill the rat!
The hobgoblin hits you from afar with a +0 spear!
The hobgoblin hits you with a +0 spear.
* * * LOW HITPOINT WARNING * * *
Things that are here:
a +0 dagger; a +3 ring of dexterity; a rat corpse The hobgoblin barely misses you.
The hobgoblin throws a stone.
The stone barely misses you.
The hobgoblin throws a stone.
The stone hits you.
You die...

.###.##.###.##g####
............##r#
#.###.##.######.#
#.......r######.#
#####g##..g.....#
#)########### #.# #.###
##(@.##
#########.###.###### ##
#.......[.# #......#######
.##
#.#######.###.####.#.....#
..####.# ####.....##
#.#.....# ....##.#
#.....รท.## #.......#
.##.##.###.###..##
###.....# 8##.#......#
#..# #.....#
....#..#######..# ###.###


You could see a hobgoblin.

Vanquished Creatures
  2 giant cockroaches (D:1)
  2 goblins (D:1)
  A hobgoblin (D:1)
  3 kobolds (D:1)
  3 bats (D:1)
  A frilled lizard (D:1)
  4 rats (D:1)
16 creatures vanquished.

Vanquished Creatures (others)
  39 foxfires (D:1)
39 creatures vanquished.

Grand Total: 55 creatures vanquished

Notes
Turn   | Place    | Note
-------+----------+-------------------------------------------
     0 | D:1      | night the Demonspawn Fire Elementalist began the quest for
                  | the Orb.
     0 | D:1      | Reached XP level 1. HP: 13/13 MP: 3/3
   360 | D:1      | Gained mutation: You are immune to rotting. [demonic
                  | ancestry]
   360 | D:1      | Reached XP level 2. HP: 19/19 MP: 3/5
   701 | D:1      | Reached skill level 3 in Fire Magic
   742 | D:1      | Hit by a stone thrown by a hobgoblin

Levels and vault maps discovered:
D:1:      scummos_arrival_simple_crosswalls, layout_loops_corners, st_stairs_7,
          minmay_three_crescents

Skill      XL: |  1  2 |
---------------+-------+-----
Fire Magic     | 3 |  3.0
Dodging        | |  1.7
Stealth        | |  1.7
Spellcasting   | |  2.3
Conjurations   | |  1.5

Action                   || total
-------------------------++-------
Melee: Mace              ||    11
 Cast: Foxfire           ||    24
Armor: Robe              ||     4
Dodge: Dodged            ||    20

Table legend:
 A = Non-vault XP
 B = Vault XP
 C = Vault XP percentage of total XP
 D = Non-vault monster count
 E = Vault monster count
 F = Vault count percentage of total count
                 A         B        C        D         E       F
            +---------+---------+-------+---------+---------+-------
      Total |      19 |       5 |  20.8 |      12 |       4 |  25.0
            +---------+---------+-------+---------+---------+-------
        D:1 |      19 |       5 |  20.8 |      12 |       4 |  25.0
            +---------+---------+-------+---------+---------+-------
